 Dungeon Crawl Stone Soup version 0.31.0-12-g77e489cdc1 (webtiles) character file.

Game seed: 17151676311903285292

157 Dvallin the Ruffian (level 5, -2/44 HPs)
             Began as a Draconian Shapeshifter on Feb 19, 2024.
             Slain by Sigmund
             ... wielding a +0 scythe
              (7 damage)
             ... on level 2 of the Dungeon.
             The game lasted 00:04:15 (1364 turns).

Dvallin the Ruffian (Draconian Shapeshifter)        Turns: 1364, Time: 00:04:16

Health: -2/44      AC:  5    Str: 22    XL:     5   Next: 15%
Magic:  5/5        EV: 12    Int: 11    God:
Gold:   86         SH:  0    Dex: 12    Spells: 4/4 levels left

rFire   . .          .
                       - Unarmed
rCold   . . .        (no shield)
rNeg    . . .        (body armour unavailable)
rPois   .            (helmet currently unavailable)
rElec   .            (cloak currently unavailable)
rCorr   .            (gloves currently unavailable)
SInv    .            (boots currently unavailable)
Will    .....        (no amulet)
Stlth   +            n - +6 ring of strength
HPRegen 0.27/turn    (no ring)
MPRegen 0.09/turn

%: no passive effects
@: beast-form
A: beast (slay +2), AC +5, unfitting armour, cold-blooded
a: Begin Untransformation


You were on level 2 of the Dungeon.
You were a hulking beast.
You visited 1 branch of the dungeon, and saw 2 of its levels.

You collected 86 gold pieces.

Inventory:

Hand Weapons
 o - a +0 longbow
Jewellery
 n - a +6 ring of strength (left hand)
Talismans
 b - a beast talisman
 c - a flux talisman
 l - a maw talisman
Scrolls
 d - a scroll of amnesia {unknown}
 f - a scroll of butterflies {unknown}
 h - a scroll of teleportation {unknown}
 j - a scroll of immolation {unknown}
 k - a scroll of revelation {unknown}
 m - a scroll of poison {unknown}
Potions
 a - a potion of lignification
 e - a potion of magic {unknown}
 g - a potion of brilliance {unknown}
 i - a potion of attraction {unknown}
 p - a potion of berserk rage {unknown}


   Skills:
 + Level 2.8 Fighting
 - Level 1.7 Dodging
 * Level 4.7 Unarmed Combat
 + Level 3.7 Shapeshifting


You had 4 spell levels left.
You didn't know any spells.
Your spell library was empty.

Dungeon Overview and Level Annotations

Branches:
Dungeon (2/15)

Altars:

Shops:
D:1 :

Annotations:
D:2 Sigmund


Innate Abilities, Weirdness & Mutations

You are a hulking beast.
Your limbs bulge with bestial killing power. (Slay +2)
Your plain brown scales are hard. (AC +5)
You cannot fit into any form of body armour.
You are cold-blooded and may be slowed by cold attacks.


Message History

Sigmund flickers and vanishes!
Deactivating autopickup; reactivate with Ctrl-A.
The gnoll hits you with a +0 spear.
Things that are here:
a +0 whip; a gnoll corpse The gnoll hits you from afar with a +0 spear.
The gnoll attacks as it pursues you!
The gnoll hits you from afar with a +0 spear.
The gnoll attacks as it pursues you! The gnoll misses you.
You punch the gnoll!
The gnoll is severely wounded.
The gnoll hits you from afar with a +0 spear!
The gnoll closely misses you.
You punch the gnoll!
You kill the gnoll!
The gnoll barely misses you.
You have reached level 5!
Something hits you. The gnoll hits you with a +0 spear.
Things that are here:
a +0 flail; a gnoll corpse You closely miss the gnoll.
The gnoll barely misses you.
You barely miss the gnoll. Something hits you!
* * * LOW HITPOINT WARNING * * *
The gnoll barely misses you.
You hit the gnoll but do no damage. Something hits you.
* * * LOW HITPOINT WARNING * * *
The gnoll barely misses you.
You punch the gnoll! You punch the gnoll.
You kill the gnoll!
You punch the adder!
You kill the adder!
Something hits you but does no damage.
You hear some strange, mumbled words.
A puff of flame appears from out of thin air!
The puff of flame hits you!
* * * LOW HITPOINT WARNING * * *
Things that are here:
a +0 spear; an adder corpse Something hits you!
You die...

................#
######..#####.#.# #..#
#.#.# ####..#####[#.#
#.............#
#.##..........#
#.###.##.#####....########
#........####.....).......
###......h).##...#########
#.#.#####{###.## #
#.#####.# #.# .......)# #.
.....##..# #+ .... #..#
... #..# ## .... ##. ##...
####..


There were no monsters in sight!

Vanquished Creatures
  Jessica (D:2)
  Terence (D:2)
  2 adders (D:2)
  3 gnolls (D:2)
  3 bats
  4 endoplasms (D:1)
  A giant cockroach (D:1)
  6 goblins (D:1)
  4 hobgoblins
  15 jackals
  2 quokkas (D:1)
  5 ball pythons
  A kobold (D:1)
  6 rats
54 creatures vanquished.

Notes
Turn   | Place    | Note
-------+----------+-------------------------------------------
     0 | D:1      | Dvallin the Draconian Shapeshifter began the quest for the
                  | Orb.
     0 | D:1      | Reached XP level 1. HP: 16/16 MP: 1/1
    75 | D:1      | Reached XP level 2. HP: 23/23 MP: 2/2
   300 | D:1      | Reached XP level 3. HP: 23/29 MP: 3/3
   343 | D:1      | Found Ulu Ahu's Vocational Training.
   743 | D:2      | Reached skill level 4 in Unarmed Combat
   839 | D:2      | Noticed Terence
   854 | D:2      | Killed Terence
   855 | D:2      | Reached XP level 4. HP: 23/36 MP: 4/4
  1005 | D:2      | Noticed Jessica
  1017 | D:2      | Killed Jessica
  1114 | D:2      | Found a faded altar of an unknown god.
  1347 | D:2      | Noticed Sigmund
  1357 | D:2      | Reached XP level 5. HP: 25/42 MP: 5/5
  1364 | D:2      | Slain by Sigmund

Illustrated notes

Levels and vault maps discovered:
D:1:      nzn_arrival_depleted_hourglass, layout_rooms,
          chequers_serial_rivers_micro_a, nicolae_shop_vocational
D:2:      layout_loops_corners, basic_ecumenical_altar, uniq_sigmund,
          uniq_terence, uniq_jessica

Skill      XL: |  1  2  3 |
---------------+----------+-----
Fighting       | 2 |  2.8
Unarmed Combat | 4 |  4.7
Dodging        | |  1.7
Shapeshifting  | |  3.7

Action                     |  1- 3 |  4- 6 || total
---------------------------+-------+-------++-------
  Melee: Unarmed           |   123 |    27 ||   150
         Tailslap          |    10 |     2 ||    12
         Punch             |     2 |     1 ||     3
   Stab: Sleeping          |       |     1 ||     1
 Armour: Skin              |    58 |    19 ||    77
  Dodge: Dodged            |    89 |    16 ||   105
